 Dungeon Sprint DCSS version 0.30-a0-272-gf98c3da03f (webtiles) character file.

Game seed: 3928564414709498037

4 rocky1 the Slasher (level 1, -1/18 HPs)
             Began as a Merfolk Monk on Oct 16, 2022.
             Slain by a human (9 damage)
             ... in the Dungeon (Sprint III: "The Ten Rune Challenge").
             The game lasted 00:00:37 (196 turns).

rocky1 the Slasher (Merfolk Monk)                    Turns: 196, Time: 00:00:38

Health: -1/18      AC:  2    Str: 11    XL:     1   Next: 60%
Magic:  1/1        EV: 17    Int:  9    God:
Gold:   10         SH:  0    Dex: 16    Spells: 0/0 levels left

rFire   . . .      SeeInvis .    a - +0 falchion
rCold   . . .      Faith    .    (no shield)
rNeg    . . .      Spirit   .    b - +0 robe
rPois   .          Reflect  .    (no helmet)
rElec   .          Harm     .    (no cloak)
rCorr   .          Rampage  .    (no gloves)
Will    .....      NoTele   +    (boots currently unavailable)
Stlth   +++.......               (no amulet)
HPRegen 0.23/turn                (no ring)
MPRegen 0.07/turn                (no ring)

@: very quick
A: nimble swimmer 2, mertail
a: no special abilities


You were in the Dungeon.
You visited 1 branch You collected 10 gold pieces.

Inventory:

Hand Weapons
 a - a +0 falchion (weapon)
Armour
 b - a +0 robe (worn)
Scrolls
 i - a scroll of blinking
 j - a scroll of fear {unknown}
Potions
 c - a potion of ambrosia
 d - a potion of curing
 e - a potion of heal wounds
 f - a potion of haste
 g - 2 potions of magic
 h - a potion of berserk rage


   Skills:
 - Level 3.2 Fighting
 * Level 5.3 Long Blades
 - Level 4.0 Dodging
 - Level 2.1 Stealth


You couldn't memorise any spells.
You didn't know any spells.
Your spell library was empty.

Dungeon Overview and Level Annotations

Branches:
Dungeon (1/1)

Altars:


Innate Abilities, Weirdness & Mutations

You are very nimble when in or above water. (Stealth+, EV+, Speed+++)
Your lower body shifts to a powerful aquatic tail in water.


Message History

There is an open door here.
You see here a rat corpse.
j - a scroll labelled YSTRUE JUEDO You start resting.
HP restored.
You open the door.
There is an open door here.
A human comes into view.
The human shouts!
Your legs become a tail as you enter the water.
The human misses you.
You hit the human.
The human is lightly wounded.
The human closely misses you.
You barely miss the human.
Your tail-slap misses the human.
The human is lightly wounded.
The human misses you. The human barely misses you.
You closely miss the human.
Your tail-slap misses the human.
The human is lightly wounded.
The human completely misses you.
You slash the human!
The human is moderately wounded.
The human closely misses you.
You closely miss the human.
The human is moderately wounded.
The human hits you.
You closely miss the human. You tail-slap the human.
The human is heavily wounded.
The human hits you!
You are too injured to fight recklessly!
You are too injured to fight recklessly!
You are too injured to fight recklessly!
You closely miss the human.
The human is heavily wounded.
The human closely misses you.
You hit the human. You tail-slap the human.
The human is heavily wounded.
The human hits you!
Ouch! That really hurt!
You die...

▓..#
▓#'####......♣ ..
▓.....#....~.♣♣♣..
▓.....#...~~.♣...
▓.....#..~~~~..♣ .
▓####†#..~≈≈~~~♣..
▓.....#.~~≈~~~....
▓.....#.~≈~~~.....
▓.....#.~~@.......
▓'#####....p......
▓.................
▓▓▓▓▓▓▓▓▓▓▓▓▓▓▓▓▓▓


You could see a human.

Vanquished Creatures
  2 endoplasms (D)
  2 rats (D)
4 creatures vanquished.

Notes
Turn   | Place    | Note
-------+----------+-------------------------------------------
     0 | D        | rocky1 the Merfolk Monk began the quest for the Orb.
     0 | D        | Reached XP level 1. HP: 18/18 MP: 1/1
     6 | D        | Reached skill level 4 in Long Blades
     8 | D        | Reached skill level 5 in Long Blades
   196 | D        | Slain by a human

Illustrated notes

Levels and vault maps discovered:
D:        dungeon_sprint_mu [sprint_mu_entry_forest, sprint_mu_temple_rooms,
          sprint_mu_d1_spiders, sprint_mu_d2_genie, sprint_mu_d3_branching,
          sprint_mu_orc_legion, sprint_mu_elf_gauntlet, sprint_mu_hive_nellie,
          sprint_mu_lair_fedhas, sprint_mu_vaults_butterflies,
          sprint_mu_slime_circle, sprint_mu_swamp_cave, sprint_mu_shoals_archi,
          sprint_mu_blade_basic, sprint_mu_crypt_chambers,
          sprint_mu_tomb_spiral, sprint_mu_vestibule_basic,
          sprint_mu_gehenna_hellfire, sprint_mu_dis_giant,
          sprint_mu_tartarus_statrot, sprint_mu_cocytus_islands, sprint_mu_zot1]

Skill      XL: |  1 |
---------------+----+-----
Long Blades    | 5 |  5.3
Fighting       | |  3.2
Dodging        | |  4.0
Stealth        | |  2.1

Action                   || total
-------------------------++-------
Melee: Falchion          ||    21
       Tailslap          ||     2
 Stab: Sleeping          ||     1
Armor: Robe              ||     1
Dodge: Dodged            ||    16

Table legend: (Time is in decaauts)
 A = Elapsed time spent in this place.
 B = Non-inter-level travel time spent in this place.
 C = Inter-level travel time spent in this place.
 D = Time resting spent in this place.
 E = Time spent auto-exploring this place.
 F = Levels seen in this place.
 G = Mean time per level.
                   A        B        C        D        E       F      G
               +--------+--------+--------+--------+--------+-----+--------+
         Total |    197 |    197 |      0 |    139 |      0 |   1 |  197.0 |
       Dungeon |    197 |    197 |      0 |    139 |      0 |   1 |  197.0 |
               +--------+--------+--------+--------+--------+-----+--------+

Top non-repeatable levels by time:
       D: 197 daAuts
